 Dungeon Sprint DCSS version 0.30-a0-137-gd8773701ce (webtiles) character file.

Game seed: 1788900097769545031

20487 Pilot the Peltast (level 12, -34/115 HPs)
             Began as a Demigod Fighter on Sept 22, 2022.
             Killed from afar by a Hell Sentinel (49 damage)
             ... with an iron shot
             ... in the Dungeon (Sprint V: "Ziggurat Sprint").
             The game lasted 00:28:42 (708 turns).

Pilot the Peltast (Demigod Fighter)                  Turns: 708, Time: 00:28:43

Health: -34/115    AC: 36    Str: 38    XL:     12   Next: 17%
Magic:  15/15      EV:  4    Int: 11    God:
Gold:   0          SH: 33    Dex: 21    Spells: 11/11 levels left

rFire   . . .      SeeInvis +    G - +14 obsidian axe {vorpal, Mesm Drain Fly SInv}
rCold   . . .      Faith    .    H - +18 shield of the Gong {rElec rN+ Will+ EV-5}
rNeg    + . .      Spirit   .    E - +15 Maxwell's patent armour {-Cast -Tele rElec Will+ rCorr}
rPois   .          Reflect  .    I - +2 helmet {SInv}
rElec   +          Harm     .    (no cloak)
rCorr   +          Rampage  .    N - +1 pair of gloves "Qocasir" {Str+3 Int-3 Dex+2 Stlth+}
Will    +++..      NoTele   +    (no boots)
Stlth   .......... NoCast   +    (no amulet)
HPRegen 0.29/turn                x - +6 ring of dexterity
MPRegen 0.14/turn                B - +6 ring of strength

@: flying, mesmerised
A: high MP 1, forlorn, divine attributes
a: no special abilities


You were in the Dungeon.
You visited 1 branch

Inventory:

Hand Weapons
 a - a +0 war axe
 F - the +9 heavy crossbow "Sniper" {vorpal, Acc+∞ SInv}
   (You found it in the Dungeon)

   Any ammunition fired from it inflicts extra damage upon your enemies.
   Any ammunition fired from it never misses its target.
   SInv:      It lets you see invisible.
 G - the +14 obsidian axe (weapon) {vorpal, Mesm Drain Fly SInv}
   (You found it in the Dungeon)

   It inflicts extra damage upon your enemies.
   It occasionally summons demons to assist the wielder when it strikes in
   combat.
   Its wielder is mesmerised by any visible foes.
   It cannot be unequipped while any foes are visible.
   SInv:      It lets you see invisible.
   Fly:       It grants you flight.
   Drain:     It drains your maximum health when unequipped.
Armour
 b - a +5 crystal plate armour
 c - +5 fire dragon scales
 k - +5 gold dragon scales
 E - the +15 Maxwell's patent armour (worn) {-Cast -Tele rElec Will+ rCorr}
   (You found it in the Dungeon)

   rElec:     It insulates you from electricity.
   -Cast:     It prevents spellcasting.
   -Tele:     It prevents most forms of teleportation.
   rCorr:     It protects you from acid and corrosion.
   Will:      It increases your willpower.
 H - the +18 shield of the Gong (worn) {rElec rN+ Will+ EV-5}
   (You found it in the Dungeon)

   It is deafeningly noisy when blocking attacks.
   EV:        It affects your evasion (-5).
   rElec:     It insulates you from electricity.
   rN:        It protects you from negative energy.
   Will:      It increases your willpower.
 I - a +2 helmet of see invisible (worn)
 N - the +1 pair of gloves "Qocasir" (worn) {Str+3 Int-3 Dex+2 Stlth+}
   (You found it in the Dungeon)

   Str:       It affects your strength (+3).
   Int:       It affects your intelligence (-3).
   Dex:       It affects your dexterity (+2).
   Stlth:     It makes you more stealthy.
Jewellery
 o - a +6 ring of dexterity
 w - a ring of flight
 x - a +6 ring of dexterity (left hand)
 y - a +6 ring of dexterity
 z - a +6 ring of intelligence
 A - a +6 ring of intelligence
 B - a +6 ring of strength (right hand)
 C - a +6 ring of strength
 K - the ring of Fips {rPois Will+}
   (You found it in the Dungeon)

   [ring of willpower]

   rPois:     It protects you from poison.
   Will:      It increases your willpower.
 M - a +6 ring of strength
 Q - a ring of poison resistance
Wands
 t - a wand of mindburst (7)
 u - a wand of iceblast (7)
 v - a wand of light (7)
Scrolls
 j - 4 scrolls of blinking
 p - 4 scrolls of amnesia
 q - 7 scrolls of fog
 r - 5 scrolls of identify
 s - 2 scrolls of fear
Potions
 d - 5 potions of might
 e - 5 potions of curing
 f - 5 potions of heal wounds
 g - 12 potions of haste
 h - 7 potions of magic
 i - 3 potions of berserk rage
 l - 2 potions of brilliance
 m - 2 potions of invisibility
 n - 4 potions of resistance
Miscellaneous
 D - a lightning rod (4/4)
 J - a condenser vane (inert)
 L - a lightning rod (4/4)
 O - a box of beasts (inert)
 P - a piece from Xom's chessboard (14/15)


   Skills:
 + Level 13.1 Fighting
 + Level 17.2 Axes
 + Level 12.1 Armour
 - Level 2.1 Dodging
 + Level 4.7 Stealth
 + Level 17.3 Shields
 + Level 2.7 Evocations


You had 11 spell levels left.
You didn't know any spells.
Your spell library contained the following spells:

 Spells                   Type           Power      Damage    Failure   Level
 Sting                    Tmut/Pois      0%         1d3       94%         1
 Poisonous Vapours        Pois/Air       0%         N/A       98%         2
 Static Discharge         Conj/Air       0%         2-2/arc   98%         2
 Frozen Ramparts          Ice            0%         1d1       100%        3
 Ice Form                 Ice/Tmut       0%         N/A       100%        4
 Olgreb's Toxic Radiance  Pois           0%         N/A       100%        4
 Petrify                  Tmut/Erth      0%         N/A       100%        4
 Summon Ice Beast         Ice/Summ       0%         N/A       100%        4
 Summon Lightning Spire   Summ/Air       0%         N/A       100%        4
 Alistair's Intoxication  Tmut/Pois      0%         N/A       100%        5
 Arcjolt                  Conj/Air       0%         1d10      100%        5
 Lightning Bolt           Conj/Air       0%         1d11      100%        5
 Metabolic Englaciation   Hex/Ice        0%         N/A       100%        5
 Dispersal                Tloc           0%         N/A       100%        6
 Statue Form              Tmut/Erth      0%         N/A       100%        6
 Ozocubu's Refrigeration  Ice            0%         4d7       100%        7
 Storm Form               Tmut/Air       0%         N/A       100%        7
 Summon Hydra             Summ           0%         N/A       100%        7
 Disjunction              Tloc           0%         N/A       100%        8
 Maxwell's Capacitive Co  Air            0%         ∞         100%        8
 Chain Lightning          Conj/Air       0%         N/A       100%        9
 Fire Storm               Conj/Fire      0%         5d1       100%        9
 Polar Vortex             Ice            0%         N/A       100%        9
 Shatter                  Erth           0%         3d5*      100%        9


Dungeon Overview and Level Annotations

Branches:
Dungeon (1/1)


Innate Abilities, Weirdness & Mutations

You have an increased reservoir of magic. (+10% MP)
You shall have no god before yourself.
Your divine heritage dramatically boosts your attributes as you level up.


Message History

The box is emptied!
You are no longer entranced.
A quicksilver elemental comes into view.
The quicksilver elemental breathes dispelling energy at you.
The bolt of dispelling energy hits you but does no damage.
The quicksilver elemental moves out of view.
You slice the quicksilver elemental!!
The quicksilver elemental is moderately damaged.
Visions of slaying the quicksilver elemental flood into your mind.
You block the quicksilver elemental's attack.
GONNNNG!
You break out of your daze!
A crystal echidna comes into view.
Something hits your larval weirdfire beast!!
Your larval weirdfire beast dies!
Your larval weirdfire beast's corpse disappears in a puff of smoke!
The war gargoyle launches metal splinters at you.
The spray of metal splinters hits you but does no damage.
You miss the quicksilver elemental.
Visions of slaying the quicksilver elemental flood into your mind.
You block the quicksilver elemental's attack.
GONNNNG!
The tormentor says, "I am all your nightmares come true."
The tormentor calls on the powers of darkness!
The iron dragon convulses!
Your body is wracked with pain!
* * * LOW HITPOINT WARNING * * *
The quicksilver elemental breathes dispelling energy at you.
The bolt of dispelling energy hits you.
Your magical effects are unravelling.
* * * LOW HITPOINT WARNING * * *
Clouds of flame condense around you!
The condenser dries out!
Visions of slaying the quicksilver elemental flood into your mind.
You block the quicksilver elemental's attack.
GONNNNG!
The quicksilver elemental breathes dispelling energy at you.
The bolt of dispelling energy misses you.
The tormentor is engulfed in blazing flames. x2
The Hell Sentinel gestures at you. The iron shot hits you!!!
You die...

▓~.)~~}~~~▓....
▓.§§§§§§..▓.~=~=}[~.▓...|
▓.§§§§r§..▓..~......▓....
▓.§§§§§§..▓~~.))..~.▓....
▓...E§§§.§▓..))).~..▓...)
▓....§§2.D▓....)÷.~.▓...†
▓....219.§▓.~..~~~~.▓.▓..
▓.▓..E§§▓E▓~......~.▓....
▓....§§§@§▓...~©~...▓▓▓▓▓
▓▓▓▓▓▓▓▓▓▓▓▓▓▓▓▓▓▓▓▓▓


You could see a Hell Sentinel, an iron dragon, 3 quicksilver elementals, a
crystal echidna, a war gargoyle (catching breath) and 2 tormentors.

Vanquished Creatures
  2 green draconians (D)
  A merfolk javelineer (D)
  2 merfolk impalers (D)
  3 dancing weapons (D)
  2 deep elf knights (D)
  A sea snake (D)
  A deep elf archer (D)
  2 deep elf zephyrmancers (D)
  A deep elf pyromancer (D)
  2 draconians (D)
  2 merfolk (D)
  A snapping turtle (D)
  4 spriggans (D)
  An air elemental (D)
  A fire elemental (D)
  6 black bears (D)
  A hell hound (D)
  3 wolves (D)
  An earth elemental (D)
  A scorpion (D)
  3 orcs (D)
41 creatures vanquished.

Vanquished Creatures (collateral kills)
  A death cob (D)
  A purple draconian (D)
  A green draconian (D)
  A merfolk javelineer (D)
  A merfolk impaler (D)
  A deep elf knight (D)
  2 deep elf zephyrmancers (D)
  A moth of wrath (shapeshifter) (D)
  5 draconians (D)
  5 merfolk (D)
  A wind drake (D)
  A tarantella (D)
  A scorpion (D)
  An orc priest (D)
23 creatures vanquished.

Grand Total: 64 creatures vanquished

Notes
Turn   | Place    | Note
-------+----------+-------------------------------------------
     0 | D        | Pilot the Demigod Fighter began the quest for the Orb.
     0 | D        | Reached XP level 1. HP: 18/18 MP: 3/3
    15 | D        | Found the +6 Majin-Bo {vamp, MP+6 Int+6}
    15 | D        | Found the +9 heavy crossbow "Sniper" {vorpal, Acc+∞ SInv}
    15 | D        | Found the +10 dark maul {vorpal}
    15 | D        | Found the +15 Maxwell's patent armour {-Cast -Tele rElec
                  | Will+ rCorr}
    15 | D        | Found the +18 shield of the Gong {rElec rN+ Will+ EV-5}
    15 | D        | Found the +14 obsidian axe {vorpal, Mesm Drain Fly SInv}
    15 | D        | Found the +7 great mace "Firestarter" {inner flame, rF++}
    15 | D        | Found the +6 shillelagh "Devastator" {shatter}
    15 | D        | Found the +11 plutonium sword {Contam Stlth-}
    15 | D        | Found the +8 lance "Wyrmbane" {slay drac, rPois rF+ rC+
                  | AC+3}
    15 | D        | Found the +9 sword of Zonguldrok {reap}
    15 | D        | Found the +13 scythe of Curses {drain, Drain}
    15 | D        | Found the +5 sword of Power {vorpal}
    15 | D        | Found the +7 mace of Variability {chain chaos}
    15 | D        | Found the +7 Singing Sword {vorpal, sonic wave}
    15 | D        | Found the +8 storm bow {elec, penet}
    19 | D        | Found a transporter.
    61 | D        | Reached XP level 2. HP: 27/27 MP: 4/4
    64 | D        | Entered arena 2.
    64 | D        | Noticed a hell hound
    64 | D        | Noticed a fire elemental
    64 | D        | Found a transporter.
    66 | D        | Killed a fire elemental
    67 | D        | Reached XP level 3. HP: 37/37 MP: 5/5
    67 | D        | Reached XP level 4. HP: 44/44 MP: 6/6
    70 | D        | Killed a hell hound
    71 | D        | Reached skill level 5 in Axes
    71 | D        | Reached XP level 5. HP: 43/51 MP: 7/7
    99 | D        | Entered arena 3.
    99 | D        | Noticed a tarantella
    99 | D        | Found a transporter.
   101 | D        | Killed a tarantella
   102 | D        | Reached XP level 6. HP: 43/60 MP: 8/8
   214 | D        | Entered arena 4.
   214 | D        | Found a transporter.
   219 | D        | Reached XP level 7. HP: 68/68 MP: 9/9
   228 | D        | Entered arena 5.
   228 | D        | Found a transporter.
   240 | D        | Got the ring of Fips {rPois Will+}
   242 | D        | Entered arena 6.
   242 | D        | Noticed a merfolk
   242 | D        | Noticed a merfolk
   242 | D        | Noticed a merfolk
   242 | D        | Noticed a merfolk
   242 | D        | Noticed a merfolk
   242 | D        | Found a transporter.
   248 | D        | Killed a merfolk
   248 | D        | Killed a merfolk
   249 | D        | Reached XP level 8. HP: 68/78 MP: 10/10
   250 | D        | Killed a merfolk
   251 | D        | Reached skill level 10 in Shields
   251 | D        | Killed a merfolk
   255 | D        | Killed a merfolk
   263 | D        | Entered arena 7.
   263 | D        | Noticed a draconian
   263 | D        | Noticed a draconian
   263 | D        | Noticed a draconian
   263 | D        | Noticed a draconian
   263 | D        | Noticed a green draconian
   263 | D        | Noticed a death cob
   264 | D        | Found a transporter.
   267 | D        | Killed a death cob
   268 | D        | Reached skill level 10 in Fighting
   268 | D        | Reached skill level 10 in Axes
   268 | D        | Reached skill level 10 in Armour
   268 | D        | Reached XP level 9. HP: 74/85 MP: 11/11
   269 | D        | Killed a draconian
   271 | D        | Killed a draconian
   271 | D        | Killed a draconian
   273 | D        | Killed a draconian
   274 | D        | Reached skill level 1 in Dodging
   274 | D        | Reached skill level 1 in Stealth
   274 | D        | Killed a green draconian
   275 | D        | Reached XP level 10. HP: 84/94 MP: 13/13
   284 | D        | Entered arena 8.
   284 | D        | Noticed a green draconian
   284 | D        | Noticed a draconian
   284 | D        | Noticed a draconian
   284 | D        | Noticed a green draconian
   284 | D        | Noticed a draconian
   284 | D        | Noticed a purple draconian
   285 | D        | Found a transporter.
   293 | D        | Killed a draconian
   293 | D        | Killed a purple draconian
   294 | D        | Killed a green draconian
   294 | D        | Killed a draconian
   295 | D        | Reached skill level 1 in Evocations
   296 | D        | Killed a draconian
   298 | D        | Killed a green draconian
   303 | D        | Got the +1 pair of gloves "Qocasir" {Str+3 Int-3 Dex+2
                  | Stlth+}
   310 | D        | Entered arena 9.
   310 | D        | Noticed a deep elf archer
   310 | D        | Noticed a deep elf pyromancer
   310 | D        | Noticed a +3 battleaxe of draining
   310 | D        | Noticed a deep elf zephyrmancer
   310 | D        | Noticed a +2 vampiric long sword
   310 | D        | Noticed a deep elf knight
   310 | D        | Noticed a deep elf zephyrmancer
   311 | D        | Found a transporter.
   314 | D        | Killed a deep elf zephyrmancer
   315 | D        | Killed a deep elf pyromancer
   316 | D        | Reached XP level 11. HP: 39/103 MP: 14/14
   316 | D        | Killed a deep elf knight
   317 | D        | Reached skill level 15 in Shields
   318 | D        | Killed a deep elf archer
   318 | D        | Killed a +2 vampiric long sword
   321 | D        | Killed a +3 battleaxe of draining
   321 | D        | Killed a deep elf zephyrmancer
   322 | D        | Reached skill level 15 in Axes
   331 | D        | Entered arena 10.
   331 | D        | Noticed a deep elf knight
   331 | D        | Noticed a deep elf zephyrmancer
   331 | D        | Noticed a deep elf zephyrmancer
   331 | D        | Noticed a +2 dire flail of protection
   331 | D        | Noticed a deep elf knight
   332 | D        | Found a transporter.
   335 | D        | Killed a +2 dire flail of protection
   335 | D        | a cyclops changed into a glowing orange brain
   335 | D        | Noticed a glowing orange brain (glowing shapeshifter)
   335 | D        | Paralysed by an air elemental for 1 turns
   338 | D        | a glowing orange brain changed into a moth of wrath
   338 | D        | Killed a deep elf zephyrmancer
   339 | D        | Killed a deep elf zephyrmancer
   340 | D        | Killed a deep elf knight
   343 | D        | Killed a deep elf knight
   356 | D        | Entered arena 11.
   357 | D        | Found a transporter.
   382 | D        | Entered arena 12.
   382 | D        | Noticed a sea snake
   382 | D        | Noticed a merfolk javelineer
   382 | D        | Noticed a merfolk javelineer
   382 | D        | Noticed a merfolk impaler
   382 | D        | Noticed a merfolk impaler
   384 | D        | Noticed a merfolk impaler
   385 | D        | Found a transporter.
   387 | D        | Killed a sea snake
   392 | D        | Killed a merfolk javelineer
   400 | D        | Killed a merfolk javelineer
   400 | D        | Killed a merfolk impaler
   401 | D        | Reached XP level 12. HP: 41/113 MP: 15/15
   405 | D        | Killed a merfolk impaler
   408 | D        | Killed a merfolk impaler
   411 | D        | Got Rydghy's Atlas of Polar Convocation
   415 | D        | Got Sif Muna's Treatise on Glaciation and the Snake
   700 | D        | Entered arena 13.
   700 | D        | Noticed a quicksilver elemental
   700 | D        | Noticed a war gargoyle
   700 | D        | Noticed a Hell Sentinel
   700 | D        | Noticed a quicksilver elemental
   701 | D        | Noticed an iron dragon
   701 | D        | Noticed a Hell Sentinel
   704 | D        | Noticed a war gargoyle
   705 | D        | Noticed a quicksilver elemental
   708 | D        | Killed from afar by a Hell Sentinel

Illustrated notes

Levels and vault maps discovered:
D:        sprint_v [room_start, room_1, room_2, room_3, room_4, room_5, room_6,
          room_7, room_8, room_9, room_10, room_11, room_12, room_13, room_14,
          room_15, room_16, room_17, room_18, room_19, room_20, room_21,
          room_22, room_23, room_24, room_25, room_26, room_27]

Skill      XL: |  1  2  3  4  5  6  7  8  9 10 11 12 |
---------------+-------------------------------------+-----
Fighting       | 4 6 7 8 9 10 11 12 13 | 13.1
Axes           | 3 4 5 6 8 10 12 14 16 17 | 17.2
Armour         | 4 6 7 8 9 10 11 12 | 12.1
Shields        | 4 6 7 8 9 11 13 14 16 17 | 17.3
Dodging        | 1 2 |  2.1
Stealth        | 1 2 4 |  4.7
Evocations     | 1 2 |  2.7

Action                   |  1- 3 |  4- 6 |  7- 9 | 10-12 || total
-------------------------+-------+-------+-------+-------++-------
Melee: Broad axe         |     2 |     8 |    21 |    43 ||    74
Evoke: Lightning rod     |       |       |     1 |     3 ||     4
       Box of beasts     |       |       |       |     3 ||     3
       Condenser vane    |       |       |       |     2 ||     2
       Piece from Xom's  |       |       |       |     1 ||     1
  Use: Potion            |     2 |       |       |    12 ||    14
 Stab: Distracted        |       |       |     1 |     1 ||     2
Armor: Plate armour      |     2 |     9 |    26 |    44 ||    81
Dodge: Dodged            |       |       |     2 |     9 ||    11
Block: Kite shield       |     4 |    13 |    50 |    94 ||   161

Table legend: (Time is in decaauts)
 A = Elapsed time spent in this place.
 B = Non-inter-level travel time spent in this place.
 C = Inter-level travel time spent in this place.
 D = Time resting spent in this place.
 E = Time spent auto-exploring this place.
 F = Levels seen in this place.
 G = Mean time per level.
                   A        B        C        D        E       F      G
               +--------+--------+--------+--------+--------+-----+--------+
         Total |    695 |    627 |     68 |      0 |      0 |   1 |  695.0 |
       Dungeon |    695 |    627 |     68 |      0 |      0 |   1 |  695.0 |
               +--------+--------+--------+--------+--------+-----+--------+

Top non-repeatable levels by time:
       D: 695 daAuts
